 Dungeon Crawl Stone Soup version 0.29.0-4-gdea44cf6ec (webtiles) character file.

Game seed: 13125325621009522431

431 qw the Chopper (level 6, -3/47 HPs)
             Began as a Demonspawn Cinder Acolyte on Sept 9, 2022.
             Was an Elder of Ignis.
             Succumbed to Ijyb's poison
             ... on level 4 of the Dungeon.
             The game lasted 00:01:28 (3583 turns).

qw the Chopper (Demonspawn Cinder Acolyte)          Turns: 3583, Time: 00:01:28

Health: -3/47      AC: 21    Str: 16    XL:     6   Next: 67%
Magic:  2/7        EV:  9    Int: 15    God:    Ignis [****..]
Gold:   24         SH:  5    Dex:  9    Spells: 7/7 levels left

rFire   + . .      SeeInvis .   o - +0 war axe
rCold   . . .      Faith    .   m - +2 buckler
rNeg    + . .      Spirit   +   d - +0 scale mail
rPois   .          Reflect  .   a - +1 helmet
rElec   .          Harm     .   (no cloak)
rCorr   .          Rampage  .   (no gloves)
Will    .....                   (no boots)
Stlth   ..........              i - amulet of guardian spirit
HPRegen 0.15/turn               e - ring of positive energy
MPRegen 0.10/turn               f - +4 ring of protection

@: lethally poisoned (-3 -> -15), about to teleport, fiery-armoured
A: molten scales 1
a: Renounce Religion, Fiery Armour, Foxfire Swarm, Rising Flame


You were on level 4 of the Dungeon.
You worshipped Ignis.
Ignis was greatly pleased with you.
You visited 1 branch of the dungeon, and saw 4 of its levels.

You collected 106 gold pieces.
You spent 82 gold pieces at shops.


Innate Abilities, Weirdness & Mutations

You are partially covered in molten scales. (AC +2)


   Skills:
 - Level 3.0 Fighting
 + Level 5.8 Axes
 - Level 1.3 Armour
 - Level 2.2 Dodging
 - Level 1.6 Shields
 - Level 1.0 Spellcasting
 - Level 2.6 Fire Magic


You had 7 spell levels left.
You didn't know any spells.
Your spell library contained the following spells:

 Spells                   Type           Power      Damage    Failure   Level
 Scorch                   Fire           16%        2d6       52%         2

Inventory:

Hand Weapons
 o - a +0 war axe (weapon)
 Y - a +1 hand axe of flaming
Armour
 a - a +1 helmet (worn)
 d - a +0 scale mail (worn)
 m - a +2 buckler (worn)
 n - a +0 cloak
Jewellery
 e - a ring of positive energy (left hand)
 f - a +4 ring of protection (right hand)
 i - an amulet of guardian spirit (around neck)
Scrolls
 b - a scroll of teleportation
 p - a scroll of fear {unknown}
Potions
 c - 2 potions of cancellation
 g - a potion of ambrosia {unknown}
 h - a potion of brilliance {unknown}
 j - a potion of curing {unknown}
 k - a potion of mutation {unknown}
 l - 2 potions of berserk rage {unknown}

Dungeon Overview and Level Annotations

Branches:
Dungeon (4/15)
 Temple: D:4-7

Altars:
Ashenzari
Sif Muna

Shops:
D:2 *   D:4 *

Annotations:
D:4 Ijyb


Message History

You hit the hound.
You kill the hound!
You slash Ijyb!
Ijyb is heavily wounded.
Ijyb hits you with a +2 dagger of venom.
You are poisoned.
Ijyb completely misses you.
You barely miss Ijyb.
Ijyb is heavily wounded.
You feel sick.
Ijyb hits you with a +2 dagger of venom.
You are more poisoned.
You barely miss Ijyb.
Ijyb is heavily wounded.
You feel very sick. Ijyb barely misses you.
You hit Ijyb but do no damage.
Ijyb is heavily wounded.
You feel very sick. Ijyb hits you but does no damage.
You are lethally poisoned!
Ijyb is burned by your cloak of flames.
Ijyb is heavily wounded.
3580 ||| READING 2 scrolls of teleportation.
As you read the scroll of teleportation, it crumbles to dust.
You feel strangely unstable.
You feel very sick. Ijyb hits you but does no damage.
You hit Ijyb but do no damage.
Ijyb is heavily wounded.
You feel very sick.
Ijyb hits you with a +2 dagger of venom.
You are more poisoned.
You closely miss Ijyb.
Ijyb is heavily wounded.
You feel very sick. You block Ijyb's attack. Ijyb closely misses you.
You closely miss Ijyb.
Ijyb is heavily wounded.
You die...

###' #..... ......
#... #..... ..... #...
.#$.... .... #...
....... ... #####+
#..... .. ......
.#.....#J ......
.......g# #+# ......
#@# #.# ...... #.###
#.##########
#(..###.#..
###..##.#.###
##....#.#..
##########....#.### ##
#.......).....#.#.. ..
#......)...#..#.#.# ..
..
#...............#.##..


You could see Ijyb and an endoplasm.

Vanquished Creatures
  Duvessa (D:4)
  Dowan (D:4)
  A hound (D:4)
  2 iguanas (D:4)
  An orc wizard (D:4)
  Robin (D:2)
  6 adders
  A worm (D:2)
  3 dart slugs
  5 orcs (D:4)
  2 ball pythons (D:2)
  9 endoplasms
  4 giant cockroaches
  16 goblins
  12 hobgoblins
  3 jackals (D:1)
  4 quokkas
  5 bats
  3 frilled lizards
  7 kobolds
  4 rats
91 creatures vanquished.

Vanquished Creatures (others)
  2 plants (D:2)
2 creatures vanquished.

Grand Total: 93 creatures vanquished

Notes
Turn   | Place    | Note
-------+----------+-------------------------------------------
     0 | D:1      | qw the Demonspawn Cinder Acolyte began the quest for the
                  | Orb.
     0 | D:1      | Reached XP level 1. HP: 18/18 MP: 2/2
     0 | D:1      | 0 ||| qw: Version: 0.1-a-113-g051387a
     0 | D:1      | 0 ||| qw: Game counter: 6993
     0 | D:1      | 0 ||| qw: Always use a shield: true
     0 | D:1      | 0 ||| qw: God list: Okawaru
     0 | D:1      | 0 ||| qw: Allow faded altars: false
     0 | D:1      | 0 ||| qw: Do Orc after D:15 true
     0 | D:1      | 0 ||| qw: Do second Lair branch before Depths: true
     0 | D:1      | 0 ||| qw: Lair rune preference: random
     0 | D:1      | 0 ||| qw: Plans: Normal
     0 | D:1      | 0 ||| PLANNING D:1-11
    18 | D:1      | 18 ||| INVOKING Fiery Armour.
   253 | D:1      | 253 ||| INVOKING Fiery Armour.
   256 | D:1      | Reached skill level 3 in Axes
   458 | D:1      | Gained mutation: You are partially covered in molten
                  | scales. (AC +2) [demonic ancestry]
   458 | D:1      | Reached XP level 2. HP: 16/24 MP: 3/3
  1157 | D:1      | 1157 ||| UPGRADING to +0 scale mail.
  1167 | D:1      | 1167 ||| DROPPING +0 robe.
  1168 | D:1      | 1168 ||| UPGRADING to amulet of guardian spirit.
  1173 | D:1      | 1173 ||| UPGRADING to ring of positive energy.
  1174 | D:1      | 1174 ||| DROPPING ring of wizardry.
  1175 | D:1      | 1175 ||| READING scroll labelled HIACOKL WIOHI.
  1179 | D:1      | 1179 ||| READING scroll labelled BAKHLA OPITIAPN.
  1180 | D:1      | 1180 ||| DRINKING 2 grey potions.
  1190 | D:2      | 1190 ||| INVOKING Fiery Armour.
  1192 | D:2      | Noticed Robin
  1193 | D:2      | 1193 ||| Stepping ~*~*~tactically~*~*~ (stealth).
  1195 | D:2      | Reached XP level 3. HP: 29/29 MP: 4/4
  1201 | D:2      | Reached skill level 4 in Axes
  1203 | D:2      | 1203 ||| STAIRDANCE
  1211 | D:2      | 1211 ||| STAIRDANCE
  1224 | D:2      | Killed Robin
  1225 | D:2      | Reached skill level 1 in Armour
  1285 | D:2      | 1285 ||| Stepping ~*~*~tactically~*~*~ (stealth).
  1287 | D:2      | 1287 ||| Stepping ~*~*~tactically~*~*~ (hiding).
  1321 | D:2      | Reached XP level 4. HP: 17/35 MP: 5/5
  1468 | D:2      | 1468 ||| Stepping ~*~*~tactically~*~*~ (stealth).
  1715 | D:2      | Found Riuzoen's General Store.
  1718 | D:2      | 1718 ||| SHOPLISTING +1 hand axe of venom (116 gold, have
                  | 39).
  1718 | D:2      | 1718 ||| SHOPLISTING +1 plate armour of positive energy
                  | (352 gold, have 39).
  1718 | D:2      | 1718 ||| BUYING scroll of teleportation (33 gold).
  1718 | D:2      | Bought a scroll of teleportation for 33 gold pieces
  1718 | D:2      | 1718 ||| SHOPLISTING scroll of teleportation (33 gold, have
                  | 6).
  1950 | D:2      | 1950 ||| UPGRADING to +0 helmet.
  1955 | D:2      | 1955 ||| READING scroll labelled DUIR WEARITI.
  1956 | D:2      | 1956 ||| READING scroll labelled ZUARHO ODOV.
  1995 | D:3      | 1995 ||| READING scroll of enchant weapon.
  1995 | D:3      | 1995 ||| ENCHANTING +0 hand axe of flaming.
  2164 | D:3      | Found a broken altar of Ashenzari.
  2418 | D:3      | Found a shimmering blue altar of Sif Muna.
  2488 | D:3      | 2488 ||| Stepping ~*~*~tactically~*~*~ (stealth).
  2489 | D:3      | 2489 ||| Stepping ~*~*~tactically~*~*~ (stealth).
  2666 | D:3      | Found a faded altar of an unknown god.
  2670 | D:3      | 2670 ||| UPGRADING to +2 buckler.
  2675 | D:3      | 2675 ||| UPGRADING to +4 ring of protection.
  2676 | D:3      | 2676 ||| READING 2 scrolls labelled SUDIOWN MISAPT.
  2677 | D:3      | 2677 ||| READING 4 scrolls labelled UCRUGG PUCLIOS.
  2678 | D:3      | 2678 ||| DROPPING scroll of poison.
  2679 | D:3      | 2679 ||| DROPPING 3 scrolls of blinking.
  2680 | D:3      | 2680 ||| READING 3 scrolls of teleportation.
  2697 | D:4      | 2697 ||| READING scroll of enchant armour.
  2697 | D:4      | 2697 ||| ENCHANTING +0 helmet.
  2784 | D:4      | 2784 ||| Stepping ~*~*~tactically~*~*~ (stealth).
  2785 | D:4      | 2785 ||| Stepping ~*~*~tactically~*~*~ (stealth).
  2839 | D:4      | Reached XP level 5. HP: 41/41 MP: 6/6
  2986 | D:4      | Found Edeaqil's Neck Hole.
  2991 | D:4      | 2991 ||| Stepping ~*~*~tactically~*~*~ (stealth).
  2997 | D:4      | Reached skill level 1 in Shields
  3034 | D:4      | 3034 ||| BUYING +0 cloak (49 gold).
  3034 | D:4      | Bought a +0 cloak for 49 gold pieces
  3034 | D:4      | 3034 ||| SHOPLISTING amulet of the acrobat (330 gold, have
                  | 4).
  3069 | D:4      | 3069 ||| SWAPPING to +0 war axe.
  3071 | D:4      | Noticed Dowan
  3074 | D:4      | Noticed Duvessa
  3075 | D:4      | 3075 ||| INVOKING Fiery Armour.
  3080 | D:4      | Killed Dowan
  3081 | D:4      | Reached skill level 5 in Axes
  3089 | D:4      | Killed Duvessa
  3090 | D:4      | Reached XP level 6. HP: 19/47 MP: 2/7
  3566 | D:4      | 3566 ||| INVOKING Fiery Armour.
  3568 | D:4      | Noticed Ijyb
  3579 | D:4      | HP: 11/47 [poisoned by Ijyb]
  3580 | D:4      | 3580 ||| READING 2 scrolls of teleportation.
  3581 | D:4      | HP: 5/47 [Ijyb/+2 dagger of venom (1)]
  3582 | D:4      | HP: 1/47 [poisoned by Ijyb]
  3583 | D:4      | Succumbed to Ijyb's poison

Levels and vault maps discovered:
D:1:      spicycebolla_arrival_xxxplode, layout_basic
D:2:      cheibrodos_old_hovel, layout_rooms, serial_shops,
          nicolae_shop_behind_doors, uniq_robin
D:3:      layout_basic, evilmike_ruin_ashenzari, mainiacjoe_overflow_alcove_4,
          shapermc_ecumenical_altar_hornbeckon
D:4:      layout_basic, minmay_misc_feat_four_crosses,
          nicolae_shop_sticking_my_neck_out, uniq_duvessa, uniq_grinder,
          uniq_ijyb

Skill      XL: |  1  2  3  4  5 |
---------------+----------------+-----
Axes           | 3 4 5 |  5.8
Armour         | 1 |  1.3
Shields        | 1 |  1.6
Dodging        | 2 |  2.2
Fighting       | |  3.0
Spellcasting   | |  1.0
Fire Magic     | |  2.6

Action                   |  1- 3 |  4- 6 || total
-------------------------+-------+-------++-------
Melee: Hand axe          |    84 |   102 ||   186
       War axe           |       |    77 ||    77
Invok: Fiery Armour      |     3 |     2 ||     5
  Use: Scroll            |     2 |     8 ||    10
       Potion            |     1 |       ||     1
Armor: Robe              |    12 |       ||    12
       Scale mail        |    38 |    94 ||   132
Dodge: Dodged            |    63 |    59 ||   122
Block: Buckler           |       |    26 ||    26

Table legend:
 A = Non-vault XP
 B = Vault XP
 C = Vault XP percentage of total XP
 D = Non-vault monster count
 E = Vault monster count
 F = Vault count percentage of total count
                 A         B        C        D         E       F
            +---------+---------+-------+---------+---------+-------
      Total |     362 |     255 |  41.3 |      77 |      14 |  15.4
            +---------+---------+-------+---------+---------+-------
        D:1 |      41 |      10 |  19.6 |      23 |       5 |  17.9
        D:2 |      46 |      27 |  37.0 |      17 |       7 |  29.2
        D:3 |      47 |       0 |   0.0 |      13 |       0 |   0.0
        D:4 |     228 |     218 |  48.9 |      24 |       2 |   7.7
            +---------+---------+-------+---------+---------+-------
